 Dungeon Crawl Stone Soup version 0.28-b1-1-g3c77fb2ed1 (webtiles) character file.

Game seed: 10329534263562438412

195 growler the Gusty (level 5, -3/28 HPs)
             Began as a Tengu Air Elementalist on Jan 29, 2022.
             Slain by an orc warrior (7 damage)
             ... on level 4 of the Dungeon.
             The game lasted 00:10:16 (3848 turns).

growler the Gusty (Tengu Air Elementalist)          Turns: 3848, Time: 00:10:17

Health: -3/28      AC:  2    Str:  8    XL:     5   Next: 74%
Magic:  11/11      EV: 14    Int: 18    God:
Gold:   126        SH:  0    Dex: 14    Spells: 0/10 levels left

rFire   . . .      SeeInvis .   (no weapon)
rCold   . . .      Faith    .   (no shield)
rNeg    . . .      Spirit   .   a - +0 robe
rPois   .          Reflect  .   (helmet restricted)
rElec   .          Harm     .   (no cloak)
rCorr   .          Rampage  .   (no gloves)
Will    .....                   (boots unavailable)
Stlth   ++........              (no amulet)
HPRegen 0.09/turn               (no ring)
MPRegen 0.12/turn               (no ring)

@: flying quickly and evasively, quick
A: beak, talons 3, nimble flight
a: no special abilities


You were on level 4 of the Dungeon.
You visited 1 branch of the dungeon, and saw 4 of its levels.

You collected 126 gold pieces.

Inventory:

Armour
 a - a +0 robe (worn)
 n - a scarf of resistance
   (You found it on level 3 of the Dungeon)
Jewellery
 h - a +6 ring of strength
   (You found it on level 2 of the Dungeon)
Wands
 t - a wand of flame (13)
   (You found it on level 3 of the Dungeon)
Scrolls
 d - 2 scrolls of teleportation {unknown}
 e - 2 scrolls of identify {unknown}
 l - a scroll of magic mapping {unknown}
Potions
 b - a potion of invisibility {unknown}
 c - a potion of lignification {unknown}
 f - a potion of brilliance {unknown}
 g - a potion of degeneration {unknown}
 i - a potion of might {unknown}
 j - a potion of cancellation {unknown}
 k - a potion of attraction {unknown}
 m - a potion of curing {unknown}


   Skills:
 - Level 2.1 Dodging
 - Level 2.0 Stealth
 + Level 3.4 Spellcasting
 + Level 4.1 Conjurations
 + Level 5.8 Air Magic


You couldn't memorise any spells.
You knew the following spells:

 Your Spells              Type           Power      Damage    Failure   Level
a - Shock                 Conj/Air       84%        1d8       1%          1
b - Airstrike             Air            11%        N/A       14%         4
d - Static Discharge      Conj/Air       21%        N/A       3%          2
s - Swiftness             Air            23%        N/A       4%          3

Your spell library contained the following spells:

 Spells                   Type           Power      Damage    Failure   Level
 Corpse Rot               Necr/Air       26%        N/A       7%          2
 Poisonous Vapours        Pois/Air       26%        N/A       7%          2
 Scorch                   Fire           6%         2d5       24%         2
 Confusing Touch          Hex            3%         N/A       43%         3
 Flame Wave               Conj/Fire      10%        2d5       54%         4
 Yara's Violent Unravell  Hex/Tmut       1%         3d3       99%         5
 Summon Cactus Giant      Summ           1%         N/A       100%        6
 Enfeeble                 Hex            1%         N/A       100%        7


Dungeon Overview and Level Annotations

Branches:
Dungeon (4/15)
 Temple: D:4-7

Altars:
Uskayaw
The Shining One


Innate Abilities, Weirdness & Mutations

You have a beak for a mouth.
You have claws for feet.
Your magical nature lets you fly swiftly and evasively.


Message History

You hear a shout!
There are monsters nearby!
Aim: an orc priest, wielding a +0 trident and wearing a +0 scale mail (75% to hit)
The zap hits the orc priest but does no damage.
The zap hits the goblin!
You kill the goblin!
Aim: an orc priest, wielding a +0 trident and wearing a +0 scale mail (75% to hit)
You miscast Shock.
You are very lightly contaminated with residual magic.
Nothing appears to happen.
An orc comes into view. It is wielding a +0 war axe.
Aim: an orc priest, wielding a +0 trident and wearing a +0 scale mail (75% to hit)
The zap hits the orc priest but does no damage.
The zap hits the orc warrior but does no damage.
The orc priest calls down the wrath of Beogh upon you.
Beogh smites you!
Aim: an orc priest, wielding a +0 trident and wearing a +0 scale mail (75% to hit)
The zap hits the orc priest.
The zap misses the orc warrior.
The orc priest casts a cantrip, but nothing happens.
Aim: an orc priest, wielding a +0 trident and wearing a +0 scale mail (heavily wounded, 75% to hit)
The zap hits the orc priest!
The zap hits the orc warrior!
Your magical contamination has completely faded away.
Aim: an orc priest, wielding a +0 trident and wearing a +0 scale mail (almost dead, 75% to hit)
The zap hits the orc priest.
You kill the orc priest!
The zap hits the orc warrior.
The orc warrior hits you from afar with a +0 trident.
* * * LOW HITPOINT WARNING * * *
There is a stone staircase leading up here.
You fly upwards.
There is a stone staircase leading down here.
You fly downwards.
There is a stone staircase leading up here.
You start resting.
You start resting.
You reach down and open the door.
An orc warrior is nearby!
There is an open door here.
The orc warrior hits you from afar with a +0 trident!
The orc warrior hits you from afar with a +0 trident!
Ouch! That really hurt!
* * * LOW HITPOINT WARNING * * *
An orc comes into view. It is wielding a +0 dagger.
The orc barely misses you.
The orc throws a boomerang.
The boomerang closely misses you.
Unknown command.
The orc shouts!
You completely miss the orc. You claw the orc, but do no damage.
The orc warrior hits you from afar with a +0 trident!
You die...

##..
.........#....#.##
..
.........#.#..#.#.
.....#...#.#....#.
....#...#.##.###.
##.#...#.##.# #.
#####.......##.# ##
#............#.#
#............+.#
#.@oo........###
#.o..........'.#
#............#.#
#............#.####
#............#.....
#............######
##############


You could see an orc warrior and 2 orcs.

Vanquished Creatures
  A centaur skeleton (D:4)
  An orc priest (D:4)
  5 adders
  A shadow imp (D:3)
  A worm (D:2)
  6 orcs (D:3)
  3 bats
  6 endoplasms
  4 giant cockroaches
  6 goblins
  7 hobgoblins
  8 jackals
  8 kobolds
  4 quokkas
  5 ball pythons
  A frilled lizard (D:2)
  3 rats
70 creatures vanquished.

Vanquished Creatures (others)
  2 plants (D:4)
2 creatures vanquished.

Grand Total: 72 creatures vanquished

Notes
Turn   | Place    | Note
-------+----------+-------------------------------------------
     0 | D:1      | growler the Tengu Air Elementalist began the quest for the
                  | Orb.
     0 | D:1      | Reached XP level 1. HP: 10/10 MP: 4/4
   281 | D:1      | Reached XP level 2. HP: 8/15 MP: 1/6
  1146 | D:1      | Learned a level 2 spell: Static Discharge
  1187 | D:2      | Reached XP level 3. HP: 19/19 MP: 2/7
  1310 | D:2      | Found a faded altar of an unknown god.
  1947 | D:2      | Learned a level 3 spell: Swiftness
  1961 | D:3      | Found a hide-covered altar of Uskayaw.
  2071 | D:3      | Found a glowing golden altar of the Shining One.
  2189 | D:3      | Reached XP level 4. HP: 24/24 MP: 5/9
  2205 | D:3      | Reached skill level 5 in Air Magic
  2610 | D:3      | Noticed a sky beast
  3054 | D:3      | Gained mutation: Your magical nature lets you fly swiftly
                  | and evasively. [Tengu growth]
  3054 | D:3      | Reached XP level 5. HP: 28/28 MP: 8/10
  3059 | D:3      | Learned a level 4 spell: Airstrike
  3593 | D:4      | Noticed an orc warrior
  3848 | D:4      | Slain by an orc warrior

Illustrated notes

Levels and vault maps discovered:
D:1:      roderic_chinese_lattice_arrival, layout_loops_cross
D:2:      layout_basic, hellmonk_ecumenical_altar_blasted
D:3:      layout_rooms, mainiacjoe_overflow_paths, nicolae_uskayaw_dance_hall,
          kennysheep_generic_room_8
D:4:      layout_basic, serial_shops, nicolae_shop_overgrown_old_shop

Skill      XL: |  1  2  3  4  5 |
---------------+----------------+-----
Conjurations   | 2 3 4 |  4.1
Air Magic      | 5 |  5.8
Spellcasting   | 3 |  3.4
Dodging        | |  2.1
Stealth        | |  2.0

Action                   |  1- 3 |  4- 6 || total
-------------------------+-------+-------++-------
Melee: Unarmed           |    27 |     1 ||    28
       Kick              |     3 |     1 ||     4
       Peck              |     2 |       ||     2
 Cast: Shock             |    75 |    56 ||   131
       Static Discharge  |     1 |     7 ||     8
Armor: Robe              |    10 |     3 ||    13
Dodge: Dodged            |    29 |    14 ||    43
